 Dungeon Crawl Stone Soup version 0.21.1-1-g345015f (webtiles) character file.

781 diana the Slasher (level 7, -13/62 HPs)
             Began as a Minotaur Fighter on June 3, 2018.
             Was an Initiate of Ru.
             Mangled by an ogre
             ... wielding a +0 giant spiked club
              (27 damage)
             ... on level 5 of the Dungeon.
             The game lasted 00:04:06 (3066 turns).

diana the Slasher (Minotaur Fighter)                Turns: 3066, Time: 00:04:07

Health: -13/62     AC:  7    Str: 23    XL:     7   Next: 55%
Magic:  6/6        EV:  8    Int:  5    God:    Ru [......]
Gold:   158        SH: 10    Dex:  9    Spells: 6/6 levels left

rFire    . . .     SeeInvis .   a - +0 long sword
rCold    . . .     Gourm    .   c - +0 shield
rNeg     . . .     Faith    .   b - +0 scale mail
rPois    .         Spirit   .   (helmet restricted)
rElec    .         Reflect  .   (no cloak)
rCorr    .         Harm     .   (no gloves)
MR       .....                  (no boots)
Stlth    ..........             (no amulet)
HPRegen  0.20/turn              (no ring)
MPRegen  0.10/turn              (no ring)

@: no status effects
A: retaliatory headbutt, horns 2
a: Renounce Religion


You were on level 5 of the Dungeon.
You worshipped Ru.
Ru was noncommittal.
You were not hungry.

You visited 2 branches of the dungeon, and saw 6 of its levels.

You collected 158 gold pieces.

Inventory:

Hand Weapons
 a - a +0 long sword (weapon)
Armour
 b - a +0 scale mail (worn)
 c - a +0 shield (worn)
Jewellery
 s - an uncursed amulet of regeneration {unknown}
Wands
 p - a wand of flame (21)
Scrolls
 g - 2 scrolls of teleportation {unknown}
 h - a scroll of blinking {unknown}
 l - 2 scrolls of fear {unknown}
 m - 3 scrolls of identify {unknown}
 o - 2 scrolls of remove curse {unknown}
 r - a scroll of fog {unknown}
 t - a scroll of amnesia {unknown}
Potions
 d - a potion of mutation {unknown}
 e - 2 potions of degeneration {unknown}
 i - a potion of flight {unknown}
 j - a potion of cancellation {unknown}
 k - 2 potions of curing {unknown}
 n - a potion of agility {unknown}
 q - a potion of haste {unknown}
 u - a potion of ambrosia {unknown}
 w - a potion of lignification {unknown}
 x - a potion of might
Books
 v - the Catalogue of Displacement and Companions
   (You found it on level 4 of the Dungeon)

   Spells                             Type                      Level
   a - Blink                          Translocation                2
   b - Call Canine Familiar           Summoning                    3
   c - Gell's Gravitas                Translocation                3
Comestibles
 f - 17 rations


   Skills:
 + Level 5.7 Fighting
 * Level 6.8 Long Blades
 + Level 5.9 Armour
 + Level 5.7 Shields


You had 6 spell levels left.
You didn't know any spells.

Dungeon Overview and Level Annotations

Branches:
Dungeon (5/15)             Temple (1/1) D:4

Altars:
Dithmenos
Elyvilon
Fedhas
Gozag
Hepliaklqana
Kikubaaqudgha
Nemelex Xobeh
Ru
Sif Muna
Trog
Vehumet
Wu Jian
Xom
Yredelemnul
Zin
The Shining One

Shops:
D:4 [


Innate Abilities, Weirdness & Mutations

You reflexively headbutt those who attack you in melee.
You have a pair of horns on your head.


Message History

No target in view!
An ogre comes into view. It is wielding a giant spiked club.
The ogre shouts!
You see here 11 gold pieces.
An ogre is nearby!
No target in view!
You see here 11 gold pieces.
The ogre hits you with a giant spiked club!!
You are too injured to fight recklessly!
An ogre is nearby!
You are too injured to fight recklessly!
An ogre is nearby!
You are too injured to fight recklessly!
You hit the ogre but do no damage.
The ogre hits you with a giant spiked club!
* * * LOW HITPOINT WARNING * * *
You slash the ogre!
The ogre is moderately wounded.
The ogre hits you with a giant spiked club!!
You die...

#######.# #.....#.#
#.#...#.## #.#<###..####
...##.......#
....#.##..#.#######+# #.
....#.###.#.#.......#....
.......#....#.##...[..#
...#####...##...@O# ...#
#..........# ...#
###.#####.## ...# #.#
#... ... #.# ..##.# ...
#.. ##.# .. ##. ..# # .
###


You could see an ogre.

Vanquished Creatures
  Sigmund (D:2)
  Blork the orc (D:4)
  A scorpion (D:4)
  A howler monkey (D:4)
  7 orc priests
  An orc wizard (D:4)
  A centaur skeleton (D:4)
  2 iguanas
  A worker ant (D:4)
  3 adders
  A shadow imp (D:4)
  An ooze (D:1)
  5 worms
  3 dart slugs
  4 leopard geckos
  16 orcs
  4 giant cockroaches
  7 hobgoblins
  5 jackals (D:2)
  3 quokkas
  4 ball pythons
  3 bats
  2 frilled lizards
  6 goblins
  3 kobolds
  5 rats
  A spectral orc (D:2)
92 creatures vanquished.

Notes
Turn   | Place    | Note
-------+----------+-------------------------------------------
     0 | D:1      | diana the Minotaur Fighter began the quest for the Orb.
     0 | D:1      | Reached XP level 1. HP: 19/19 MP: 0/0
   211 | D:1      | Reached XP level 2. HP: 27/27 MP: 1/1
   377 | D:1      | Reached skill level 3 in Long Blades
   663 | D:2      | Reached XP level 3. HP: 21/33 MP: 2/2
   745 | D:2      | Found a radiant altar of Vehumet.
  1043 | D:2      | Noticed Sigmund
  1053 | D:2      | Killed Sigmund
  1053 | D:2      | Reached skill level 4 in Long Blades
  1053 | D:2      | Reached XP level 4. HP: 19/41 MP: 3/3
  1053 | D:2      | Reached XP level 5. HP: 22/47 MP: 4/4
  1404 | D:2      | Found a basalt altar of Yredelemnul.
  1493 | D:2      | Found a glowing golden altar of the Shining One.
  1493 | D:2      | Found a glowing silver altar of Zin.
  1494 | D:2      | Found a white marble altar of Elyvilon.
  1545 | D:3      | Reached skill level 5 in Long Blades
  1817 | D:3      | Reached XP level 6. HP: 43/55 MP: 5/5
  2121 | D:4      | Noticed Blork the orc
  2127 | D:4      | Killed Blork the orc
  2127 | D:4      | Reached skill level 5 in Fighting
  2127 | D:4      | Reached skill level 5 in Armour
  2127 | D:4      | Reached skill level 5 in Shields
  2167 | D:4      | Reached skill level 6 in Long Blades
  2174 | D:4      | Reached XP level 7. HP: 19/61 MP: 6/6
  2401 | D:4      | Found a staircase to the Ecumenical Temple.
  2422 | Temple   | Entered the Ecumenical Temple
  2606 | Temple   | Became a worshipper of Ru the Awakened
  2664 | D:4      | Identified the Catalogue of Displacement and Companions
  2737 | D:4      | Found Luala's Armour Shop.
  2746 | D:4      | Found a hazy altar of Hepliaklqana.
  2826 | D:4      | Found a shadowy altar of Dithmenos.
  3037 | D:5      | Entered Level 5 of the Dungeon
  3066 | D:5      | Mangled by an ogre

Skill      XL: |  1  2  3  4  5  6 |
---------------+-------------------+-----
Long Blades    | 3 4 5 6 |  6.8
Armour         | 4 5 |  5.9
Fighting       | 4 5 |  5.7
Shields        | 4 5 |  5.7

Action                   |  1- 3 |  4- 6 |  7- 9 || total
-------------------------+-------+-------+-------++-------
Melee: Long sword        |    99 |    54 |    60 ||   213
       Headbutt          |    13 |    11 |     9 ||    33
  Use: Potion            |       |     1 |       ||     1
  Eat: Chunk             |       |     4 |     3 ||     7
Armor: Scale mail        |    34 |    22 |    17 ||    73
Dodge: Dodged            |    13 |    22 |    19 ||    54
Block: Shield            |    56 |    32 |    23 ||   111
       Rpst.: Long sword |     3 |     8 |     8 ||    19
